 Dungeon Crawl Stone Soup version 0.28.0-49-g6dfe1f597d (webtiles) character file.

Game seed: 1515188562264993404

4020 greasedhog the Cruncher (level 10, -2/70 HPs)
             Began as a Formicid Fighter on May 14, 2022.
             Was a Priest of Okawaru.
             Slain by a death knight
             ... wielding a +0 broad axe
              (4 damage)
             ... on level 12 of the Dungeon on May 15, 2022.
             The game lasted 00:12:53 (9199 turns).

greasedhog the Cruncher (Formicid Fighter)          Turns: 9199, Time: 00:12:54

Health: -2/70      AC: 13    Str: 26    XL:     10   Next: 47%
Magic:  10/12      EV: 10    Int:  7    God:    Okawaru [***...]
Gold:   287        SH:  6    Dex: 10    Spells: 9/9 levels left

rFire   . . .      SeeInvis +   a - +0 quarterstaff
rCold   . . .      Faith    .   c - +0 buckler
rNeg    + . .      Spirit   .   v - +0 chain mail
rPois   .          Reflect  .   (helmet unavailable)
rElec   .          Harm     .   t - +0 cloak {Stlth+}
rCorr   .          Rampage  .   g - +0 pair of gloves
Will    +....                   (no boots)
Stlth   +.........              (no amulet)
HPRegen 0.21/turn               m - ring of positive energy
MPRegen 0.13/turn               (no ring)

@: heroic, invisible
A: permanent stasis, dig shafts and tunnels, antennae 3, four strong arms
a: Dig, Shaft Self, Renounce Religion, Heroism


You were on level 12 of the Dungeon.
You worshipped Okawaru.
Okawaru was most pleased with you.
You visited 2 branches of the dungeon, and saw 12 of its levels.

You collected 287 gold pieces.

Inventory:

Hand Weapons
 a - a +0 quarterstaff (weapon)
Armour
 c - a +0 buckler (worn)
 g - a +0 pair of gloves (worn)
 k - a scarf of shadows
 t - a +0 cloak of stealth (worn)
 v - a +0 chain mail (worn)
Jewellery
 m - a ring of positive energy (left hand)
Scrolls
 b - a scroll of identify
 i - a scroll of summoning {unknown}
 j - a scroll of enchant armour
 n - 2 scrolls of enchant weapon
 q - a scroll of fear {unknown}
 r - 2 scrolls of immolation {unknown}
Potions
 d - 2 potions of might
 e - a potion of brilliance
 f - 2 potions of invisibility
 h - a potion of ambrosia
 l - a potion of haste {unknown}
 o - a potion of curing
 p - 3 potions of degeneration {unknown}
 s - a potion of resistance {unknown}
 u - 2 potions of berserk rage {unknown}


   Skills:
 - Level 3.2(8.2) Fighting
 - Level 14.0(19.0) Staves
 - Level 3.2(8.2) Armour
 * Level 4.5(9.5) Shields
 * Level 3.1 Invocations


You had 9 spell levels left.
You didn't know any spells.
Your spell library contained the following spells:

 Spells                   Type           Power      Damage    Failure   Level
 Magic Dart               Conj           0%         1d3       95%         1
 Shock                    Conj/Air       0%         1d3       95%         1
 Searing Ray              Conj           0%         2d4       99%         2
 Airstrike                Air            0%         N/A       100%        4
 Fulminant Prism          Conj/Hex       0%         3d6       100%        4
 Swiftness                Air            Unusable   N/A       N/A         3

Dungeon Overview and Level Annotations

Branches:
Dungeon (13/15)            Temple (1/1) D:5
   Lair: D:8-11         Orc: D:9-12      Vaults: D:13-14

Altars:
Ashenzari
Cheibriados
Dithmenos
Elyvilon
Fedhas
Gozag
Hepliaklqana
Kikubaaqudgha
Makhleb
Nemelex Xobeh
Okawaru
Qazlal
Ru
Sif Muna
Trog
Uskayaw
Vehumet
Wu Jian
Xom
Yredelemnul
Zin

Shops:
D:12 [

Annotations:
D:7 Joseph


Innate Abilities, Weirdness & Mutations

You cannot be hasted, slowed, berserked, paralysed or teleported.
You can dig through walls and to a lower floor.
You have a pair of large antennae on your head. (SInv)
Your four strong arms can wield two-handed weapons with a shield.


Message History

You hear the faint crackling of a very distant melting archway.
You start resting.
You hear the faint crackling of a very distant melting archway.
You start resting.
You hear the faint crackling of a very distant melting archway.
You start resting.
You hear the faint crackling of a very distant melting archway.
You start resting.
HP restored.
Found a scroll of identify.
Found Giugow's Armour Boutique.
Found an escape hatch in the ceiling.
A death knight comes into view. It is wielding a +0 broad axe.
The death knight shouts!
You see here a scroll of identify.
b - a scroll of identify The death knight offers itself to Yredelemnul, and fills with unholy energy.
The death knight invokes the aid of Yredelemnul against you.
You struggle to resist.
You hear the crackling of a distant melting archway.
You fade into invisibility!
The death knight invokes the aid of Yredelemnul against you.
Your body is wracked with pain!
You gain the combat prowess of a mighty hero.
You bludgeon the death knight!!
The death knight is moderately wounded.
The death knight hits you with a +0 broad axe!!
* * * LOW HITPOINT WARNING * * *
You catch the helpless death knight completely off-guard!
You hit the death knight but do no damage.
The death knight is moderately wounded.
You sock the death knight!
The death knight is moderately wounded.
The death knight hits you with a +0 broad axe!
* * * LOW HITPOINT WARNING * * *
You hit the death knight.
The death knight is moderately wounded.
You hit the death knight.
The death knight is heavily wounded.
The death knight hits you with a +0 broad axe.
You die...

....^.....# #.......>.
..........# #.>.......
..........# #.........
..........# #.........
..........# #.).......
.8........# #.........
.<........#####.........
.∩.8.........p..........
.............@..........
8.####################


You could see a death knight.

Vanquished Creatures
  A komodo dragon (D:10)
  9 yaks (D:10)
  Menkaure (D:7)
  A water moccasin (D:6)
  An orc warrior (D:10)
  A black bear (D:5)
  An ogre (D:4)
  2 sky beasts
  2 centaurs
  A phantom (D:6)
  A bullfrog (D:7)
  8 scorpions
  A wyvern skeleton (D:6)
  4 wights (D:7)
  A howler monkey (D:7)
  A crimson imp (D:3)
  4 jellies
  A gnoll shaman (D:6)
  3 hounds
  2 bullfrog skeletons
  4 iguanas
  4 orc wizards
  A killer bee zombie (D:5)
  2 hound skeletons
  A howler monkey zombie (D:10)
  A howler monkey skeleton (D:5)
  5 adders
  4 gnolls
  A white imp (D:5)
  An ufetubus (D:6)
  An adder skeleton (D:4)
  4 worms
  4 dart slugs
  10 orcs
  7 endoplasms
  2 giant cockroaches
  6 goblins
  8 hobgoblins
  6 jackals
  5 quokkas
  8 ball pythons
  4 bats
  2 frilled lizards
  5 kobolds
  5 rats
147 creatures vanquished.

Vanquished Creatures (others)
  40 plants (D:10)
40 creatures vanquished.

Grand Total: 187 creatures vanquished

Notes
Turn   | Place    | Note
-------+----------+-------------------------------------------
     0 | D:1      | greasedhog the Formicid Fighter began the quest for the
                  | Orb.
     0 | D:1      | Reached XP level 1. HP: 18/18 MP: 1/1
   201 | D:1      | Reached XP level 2. HP: 24/24 MP: 2/2
   350 | D:1      | Found a faded altar of an unknown god.
   371 | D:1      | Reached skill level 3 in Staves
   452 | D:1      | Reached XP level 3. HP: 28/29 MP: 3/3
  1299 | D:2      | Reached skill level 4 in Staves
  1299 | D:2      | Reached XP level 4. HP: 33/35 MP: 4/4
  2189 | D:3      | Found a hide-covered altar of Uskayaw.
  2339 | D:3      | Reached XP level 5. HP: 33/41 MP: 5/5
  2425 | D:3      | Reached skill level 5 in Staves
  2460 | D:3      | Found a burning altar of Makhleb.
  2461 | D:3      | Found a radiant altar of Vehumet.
  2619 | D:3      | Found a shimmering blue altar of Sif Muna.
  2677 | D:4      | Noticed an ogre
  2688 | D:4      | Killed an ogre
  2689 | D:4      | Reached skill level 6 in Staves
  2689 | D:4      | Reached XP level 6. HP: 31/47 MP: 6/6
  2970 | D:4      | Reached skill level 7 in Staves
  2970 | D:4      | Reached XP level 7. HP: 45/52 MP: 7/7
  3541 | D:4      | Found a sparkling altar of Nemelex Xobeh.
  3702 | D:4      | Reached skill level 8 in Staves
  3933 | D:5      | Entered Level 5 of the Dungeon
  4142 | D:5      | Found a staircase to the Ecumenical Temple.
  4150 | Temple   | Entered the Ecumenical Temple
  4248 | Temple   | Became a worshipper of Warmaster Okawaru
  4290 | D:5      | Reached XP level 8. HP: 58/58 MP: 8/8
  4423 | D:5      | Reached skill level 9 in Staves
  5678 | D:6      | Reached skill level 1 in Invocations
  5693 | D:6      | Reached * piety under Okawaru
  5736 | D:6      | Reached skill level 10 in Staves
  5905 | D:6      | Reached XP level 9. HP: 42/64 MP: 10/10
  6293 | D:6      | Reached skill level 11 in Staves
  6801 | D:7      | Reached ** piety under Okawaru
  6990 | D:7      | Noticed Menkaure
  6999 | D:7      | Killed Menkaure
  7000 | D:7      | Reached skill level 12 in Staves
  7604 | D:7      | Noticed Joseph
  7610 | D:7      | You fall into a shaft and drop 3 floors!
  7610 | D:10     | Entered Level 10 of the Dungeon
  8134 | D:10     | Noticed a komodo dragon
  8145 | D:10     | Reached XP level 10. HP: 36/70 MP: 8/11
  8149 | D:10     | Reached skill level 13 in Staves
  8157 | D:10     | Killed a komodo dragon
  8161 | D:10     | Reached *** piety under Okawaru
  8469 | D:10     | Found a broken altar of Ashenzari.
  8472 | D:10     | Found a shadowy altar of Dithmenos.
  8559 | D:10     | Reached skill level 14 in Staves
  8912 | D:10     | You fall into a shaft and drop 3 floors!
  8923 | D:13     | Noticed a deep elf pyromancer
  8924 | D:13     | Noticed a yaktaur
  9177 | D:12     | Found Giugow's Armour Boutique.
  9178 | D:12     | Noticed a death knight
  9197 | D:12     | HP: 2/70 [death knight/+0 broad axe (16)]
  9199 | D:12     | Slain by a death knight

Illustrated notes

Levels and vault maps discovered:
D:1:      nzn_arrival_water_spiral, layout_basic,
          nicolae_ecumenical_snake_handling
D:2:      minmay_skewed_foursquare, layout_basic
D:3:      layout_basic, grunt_temple_overflow_lords_of_destruction,
          mainiacjoe_overflow_swirl
D:4:      layout_loops_cross, mainiacjoe_overflow_cross_hatched
D:5:      layout_gridville, minmay_temple_entry_slanted
D:6:      layout_loops_ring
D:7:      minmay_evil_eye, layout_basic, uniq_joseph, uniq_menkaure
D:9:      layout_roguey, kennysheep_orc_monster_closet_entryway,
          minmay_statue_bubble, uniq_maurice
D:10:     minmay_bloctagon_deflated, layout_irregular_city,
          nicolae_overflow_squiral, david_lair_shrubbed
D:12:     minmay_heptahexagon, layout_long_grid,
          portal_ice_cave_entry_pillars_1, serial_shops,
          nicolae_shop_statue_plus, nicolae_shop_behind_doors, shop, shop,
          nicolae_shop_competitors_out_of_business,
          gammafunk_ghost_wrathful_warriors, hangedman_ranch, uniq_snorg
D:13:     layout_cave_pools, hangedman_vaults_entry_quadrant_bands,
          uniq_erolcha, uniq_sonja
Temple:   jpeg_temple_clearing

Skill      XL: |  1  2  3  4  5  6  7  8  9 10 |
---------------+-------------------------------+-----
Staves         | 3 4 6 7 8 10 12 14 | 14.0
Invocations    | 1 2 3 |  3.1
Shields        | 4 |  4.5
Fighting       | |  3.2
Armour         | |  3.2

Action                   |  1- 3 |  4- 6 |  7- 9 | 10-12 || total
-------------------------+-------+-------+-------+-------++-------
Melee: Quarterstaff      |    68 |   109 |   302 |    61 ||   540
Invok: Heroism           |       |       |     5 |     2 ||     7
 Abil: Dig               |       |       |     2 |     1 ||     3
       Shaft Self        |       |       |     1 |       ||     1
  Use: Scroll            |     3 |     3 |     4 |       ||    10
       Potion            |       |       |     1 |     1 ||     2
 Stab: Invisible         |       |       |       |     1 ||     1
Armor: Scale mail        |    28 |    55 |    87 |       ||   170
       Chain mail        |       |       |     2 |    11 ||    13
Dodge: Dodged            |    27 |    56 |   101 |     7 ||   191
Block: Buckler           |    17 |    31 |    44 |     5 ||    97
